 Dungeon Crawl Stone Soup version bcrawl-1.17.3 (webtiles) character file.

Game seed: 11714533517051831662

112 ElectroBlueGuy the Sneak (level 4, -1/37 HPs)
             Began as a Hill Orc Archaeologist on Oct 28, 2019.
             Was a Follower of Cheibriados.
             Slain by a jelly (3 damage)
             ... on level 3 of the Dungeon.
             The game lasted 00:27:22 (3716 turns).

ElectroBlueGuy the Sneak (Hill Orc Archaeologist)   Turns: 3716, Time: 00:27:22

Health: -1/37      AC:  0    Str: 16    XL:     4   Next: 95%
Magic:  4/4        EV:  5    Int: 16    God:    Cheibriados [*.....]
Gold:   243        SH:  0    Dex: 13    Spells: 3/3 levels left

rFire    . . .     SeeInvis .   a - +0 rapier
rCold    . . .     Gourm    .   (no shield)
rNeg     . . .     Faith    .   C - +0 plate armour
rPois    .         Spirit   .   c - +1 hat
rElec    .         Reflect  .   (no cloak)
rCorr    .         Harm     .   (no gloves)
MR       .....                  d - +1 pair of boots
Stlth    ..........             (no amulet)
HPRegen  0.12/turn              (no ring)
MPRegen  0.09/turn              (no ring)

@: corroded, studying Fighting, very slow
A: thin skeletal structure 1, deformed body
a: Bend Time, Renounce Religion


You were on level 3 of the Dungeon.
You worshipped Cheibriados.
Cheibriados was aware of your devotion.
You were not hungry.

You visited 1 branch of the dungeon, and saw 3 of its levels.

You collected 243 gold pieces.

Inventory:

Hand Weapons
 a - a +0 rapier (weapon)
 b - a +0 hunting sling of freezing
 m - a +0 hunting sling
 n - a +0 dagger
 o - a +0 mace
 q - a +0 whip
 r - a +0 hand axe
 s - a +0 mace
Missiles
 h - 336 arrows
 i - 80 bolts
 l - 982 stones (quivered)
 p - 191 poisoned needles
Armour
 c - a +1 hat (worn)
 d - a +1 pair of boots (worn)
 j - a +1 robe
 k - a +0 leather armour
 u - a +0 chain mail
 A - a +0 ring mail
 B - a +0 robe
 C - a +0 plate armour (worn)
Scrolls
 t - a scroll of remove curse {unknown}
 v - a scroll of fog
 w - a scroll of enchant weapon {unknown}
 x - a scroll of fear {unknown}
 y - a scroll of teleportation
Potions
 z - a potion of degeneration {unknown}
Books
 e - a manual of Fighting
Miscellaneous
 f - an ancient crate
Comestibles
 g - 5 rations {!d}
 D - a chunk of flesh


   Skills:
 + Level 2.6 Fighting
   Level 2.6 Short Blades
   Level 2.6 Long Blades
   Level 2.6 Axes
   Level 2.6 Maces & Flails
   Level 2.6 Polearms
   Level 2.6 Staves
 + Level 3.2 Dodging
 + Level 3.6 Stealth
   Level 2.6 Unarmed Combat


You had 3 spell levels left.
You didn't know any spells.
Your spell library was empty.

Dungeon Overview and Level Annotations

Branches:
Dungeon (3/12)

Altars:
Cheibriados
Elyvilon
Trog
Zin
The Shining One


Innate Abilities, Weirdness & Mutations

You have a somewhat thin skeletal structure. (Dex +2, Stealth)
Armour fits poorly on your strangely shaped body.


Message History

A jelly comes into view.
The jelly quivers.
You completely miss the jelly. The jelly barely misses you.
You hit the jelly.
Your hands burn!
The jelly is lightly wounded.
The jelly hits you.
You are splashed with acid!
You puncture the jelly!
Your hands burn!
The jelly is heavily wounded.
The jelly hits you but does no damage.
You hit the jelly. The acid corrodes you!
Your hands burn!
The jelly is severely wounded.
The jelly hits you but does no damage.
You hit the jelly but do no damage.
Your hands burn!
The jelly is severely wounded.
The jelly hits you.
* * * LOW HITPOINT WARNING * * *
The acid corrodes you!
You are splashed with acid!
* * * LOW HITPOINT WARNING * * *
The jelly hits you.
You die...

###**#### #..,,,..# ######
#.#***#.# #....# #.#####.##
#'#*,* #.##...... ##.##,*
#....##.##
#8.8#.#############..รท....#
##.##.....J@........#######
##.###########.####.# #8.8#
#.####.# ##.## #......##### ##.##
#.#....<...#*** #8.8#
#......###..... #######.#### ###
#.#.....##.....
#8##8##.##8###8####.##..#.##..?..
................'.#.##..#.##.....


You could see a jelly.

Vanquished Creatures
  2 adders
  An ooze (D:2)
  3 worms (D:2)
  3 dart slugs
  3 leopard geckos (D:2)
  2 orcs (D:3)
  3 bats
  2 giant cockroaches
  7 goblins
  17 hobgoblins
  3 jackals (D:2)
  2 quokkas
  A ball python (D:2)
  7 frilled lizards
  3 kobolds
  8 rats
  A bush (D:1)
  2 plants (D:1)
70 creatures vanquished.

Notes
Turn   | Place    | Note
-------+----------+-------------------------------------------
     0 | D:1      | ElectroBlueGuy the Hill Orc Archaeologist began the quest
                  | for the Orb.
     0 | D:1      | Reached XP level 1. HP: 15/15 MP: 1/1
   628 | D:1      | Reached skill level 1 in Fighting
   628 | D:1      | Reached XP level 2. HP: 10/23 MP: 2/2
  1323 | D:1      | Reached XP level 3. HP: 20/28 MP: 3/3
  1994 | D:2      | Noticed a moth of wrath
  1998 | D:2      | Found a bloodstained altar of Trog.
  2249 | D:2      | Gained mutation: Armour fits poorly on your strangely
                  | shaped body. [potion of mutation]
  2249 | D:2      | Gained mutation: You expend magic power (3 MP) to
                  | strengthen your wands. [potion of mutation]
  2249 | D:2      | Lost mutation: You expend magic power (3 MP) to strengthen
                  | your wands. [potion of mutation]
  2249 | D:2      | Gained mutation: You have a somewhat thin skeletal
                  | structure. (Dex +2, Stealth) [potion of mutation]
  2255 | D:2      | Reached XP level 4. HP: 14/36 MP: 4/4
  3417 | D:3      | Found a faded altar of an unknown god.
  3442 | D:3      | Became a worshipper of Cheibriados the Contemplative
  3442 | D:3      | Reached * piety under Cheibriados
  3510 | D:3      | Found a glowing golden altar of the Shining One.
  3510 | D:3      | Found a glowing silver altar of Zin.
  3510 | D:3      | Found a white marble altar of Elyvilon.
  3716 | D:3      | Slain by a jelly

Skill      XL: |  1  2  3 |
---------------+----------+-----
Fighting       | 1 2 |  2.6
Stealth        | 3 |  3.6
Dodging        | 3 |  3.2
Short Blades   | |  2.6
Long Blades    | |  2.6
Axes           | |  2.6
Maces & Flails | |  2.6
Polearms       | |  2.6
Staves         | |  2.6
Unarmed Combat | |  2.6

Action                   |  1- 3 |  4- 6 || total
-------------------------+-------+-------++-------
Melee: Whip              |   300 |       ||   300
       Punch             |     7 |     1 ||     8
       Mace              |   143 |       ||   143
       Rapier            |    11 |    72 ||    83
 Fire: Hunting sling     |    11 |    50 ||    61
Throw: Stone             |    31 |       ||    31
Invok: Bend Time         |       |     1 ||     1
  Use: Scroll            |     5 |     3 ||     8
       Potion            |     4 |       ||     4
 Stab: Sleeping          |     2 |     1 ||     3
  Eat: Chunk             |     5 |     1 ||     6
       Ration            |       |     1 ||     1
Armor: Robe              |    67 |       ||    67
       Plate armour      |       |    24 ||    24
       Leather armour    |       |     8 ||     8
Dodge: Dodged            |   146 |    34 ||   180
